 Dungeon Crawl Stone Soup version 0.25-a0-248-g18654cfe15 (webtiles) character file.

Game seed: 7514611025802272932, levelgen mode: deterministic

21 Goreval the Firebug (level 2, 0/15 HPs)
             Began as a Deep Elf Fire Elementalist on Dec 4, 2019.
             Hit by a stone thrown by a kobold (2 damage)
             ... on level 2 of the Dungeon.
             The game lasted 00:04:17 (1002 turns).

Goreval the Firebug (Deep Elf Fire Elementalist)    Turns: 1002, Time: 00:04:17

Health: 0/15       AC:  5    Str:  5    XL:     2   Next: 62%
Magic:  5/8        EV: 13    Int: 19    God:
Gold:   67         SH:  0    Dex: 15    Spells: 6/7 levels left

rFire    . . .     SeeInvis .   (no weapon)
rCold    . . .     Gourm    .   (no shield)
rNeg     . . .     Faith    .   a - +0 robe
rPois    .         Spirit   .   (no helmet)
rElec    .         Reflect  .   f - +2 cloak
rCorr    .         Harm     .   (no gloves)
MR       .....                  (no boots)
Stlth    ++........             (no amulet)
HPRegen  0.05/turn              (no ring)
MPRegen  0.11/turn              (no ring)

@: no status effects
A: no striking features
a: no special abilities


You were on level 2 of the Dungeon.
You were not hungry.

You visited 1 branch of the dungeon, and saw 2 of its levels.

You collected 67 gold pieces.

Inventory:

Armour
 a - a +0 robe (worn)
 f - a +2 cloak (worn)
Scrolls
 b - 3 scrolls of identify {unknown}
 g - a scroll of teleportation {unknown}
Potions
 e - a potion of mutation {unknown}
 h - a potion of agility {unknown}
Comestibles
 c - 2 rations
 d - a chunk of flesh


   Skills:
 + Level 2.7 Dodging
 - Level 2.4 Stealth
 + Level 3.3 Spellcasting
 * Level 2.0 Conjurations
 * Level 3.6 Fire Magic


You had 6 spell levels left.
You knew the following spells:

 Your Spells              Type           Power        Failure   Level  Hunger
a - Foxfire               Conj/Fire      ##..         4%          1    None

Your spell library contained the following spells:

 Spells                   Type           Power        Failure   Level  Hunger
 Conjure Flame            Conj/Fire      ##......     14%         3    ###....
 Inner Flame              Hex/Fire       ##......     22%         3    ###....
 Sticky Flame             Conj/Fire      ##......     43%         4    ####...
 Fireball                 Conj/Fire      ##........   78%         5    ######.


Dungeon Overview and Level Annotations

Branches:
Dungeon (2/15)

Altars:


Message History

The foxfire hits the dart slug.
The foxfire hits the quokka.
You conjure some foxfire!
Do you really want to walk into your foxfire?
You swap places.
The foxfire hits you.
A leopard gecko comes into view.
The foxfire hits the dart slug.
The quokka bites you.
You conjure some foxfire!
The quokka bites you. The dart slug launches a dart at you.
The slug dart hits you.
* * * LOW HITPOINT WARNING * * *
Unknown command.
The foxfire hits the dart slug.
The foxfire hits the dart slug but does no damage.
The quokka bites you but does no damage.
A worm comes into view.
A kobold comes into view.
A bat and a kobold come into view.
The kobold shouts!
The quokka barely misses you.
The kobold throws a stone.
The stone hits you.
You die...

########### #
#.#w#...#K#b#
##.#..#r.#K# #.#..###@.#
##.w##.##..##
#..##...##..#########
#.....%..##.........#####
#..##...##..######.......
##..##l##..########.#####
#.#..###..#^#.......#
##.#..#..#.##....##.#
#.#.#...#.#.#....##.#


You could see a quokka, a bat and 2 kobolds.

Vanquished Creatures
  2 giant cockroaches (D:1)
  3 goblins (D:1)
  3 hobgoblins (D:1)
  A ball python (D:1)
  3 bats (D:1)
  2 frilled lizards (D:1)
  3 kobolds (D:1)
  3 rats (D:1)
20 creatures vanquished.

Vanquished Creatures (others)
  51 foxfires
51 creatures vanquished.

Grand Total: 71 creatures vanquished

Notes
Turn   | Place    | Note
-------+----------+-------------------------------------------
     0 | D:1      | Goreval the Deep Elf Fire Elementalist began the quest for
                  | the Orb.
     0 | D:1      | Reached XP level 1. HP: 10/10 MP: 6/6
   357 | D:1      | Reached XP level 2. HP: 15/15 MP: 5/8
  1002 | D:2      | Hit by a stone thrown by a kobold

Levels and vault maps discovered:
D:1:      eino_arrival_cavern_d, layout_basic, chequers_arboretum,
          minmay_small_reverse_x
D:2:      minmay_diamond_boxcup, layout_loops_ring, uniq_terence, uniq_sigmund

Skill      XL: |  1  2 |
---------------+-------+-----
Conjurations   | 2 |  2.0
Dodging        | |  2.7
Stealth        | |  2.4
Spellcasting   | |  3.3
Fire Magic     | |  3.6

Action                   || total
-------------------------++-------
Melee: Unarmed           ||     3
 Cast: Foxfire           ||    33
Armor: Robe              ||    10
Dodge: Dodged            ||    11

Table legend:
 A = Non-vault XP
 B = Vault XP
 C = Vault XP percentage of total XP
 D = Non-vault monster count
 E = Vault monster count
 F = Vault count percentage of total count
                 A         B        C        D         E       F
            +---------+---------+-------+---------+---------+-------
      Total |      23 |       7 |  23.3 |      16 |       4 |  20.0
            +---------+---------+-------+---------+---------+-------
        D:1 |      23 |       7 |  23.3 |      16 |       4 |  20.0
            +---------+---------+-------+---------+---------+-------
